[Event "GER-ch Youth U18 2019"]
[Site "Willingen"]
[Date "2019.06.13"]
[Round "7.11"]
[White "Schneider, Jana"]
[Black "Wendler, David"]
[Result "1-0"]
[ECO "B06"]
[WhiteElo "2235"]
[BlackElo "2166"]
[Annotator "NA"]
[PlyCount "117"]
[EventDate "2019.06.07"]
[EventType "swiss"]
[EventRounds "9"]
[EventCountry "GER"]
[SourceTitle "playchess.com"]
[Source "ChessBase"]
[SourceQuality "1"]
[TimeControl "40/5400+30:1800+30"]

1. e4 g6 2. d4 Bg7 3. Nc3 d6 4. Be3 a6 5. Qd2 b5 6. f3 Nd7 7. O-O-O Bb7 8. h4 h5 9. Nh3 Ngf6 10. Ng5 Rc8 11. e5 b4 12. Ne2 dxe5 13. dxe5 Nd5 14. e6 Ne5 15. exf7+ Nxf7 16. Ne6 Qd6 17. Nxg7+ Kf8 18. Bd4 Nf6 19. Bxf6 Qxf6 20. Nxh5 Rxh5 21. Qxb4 Nd6 22. Nc3 a5 23. Qg4 Nf5 24. Bc4 Ne3 25. Qe6 Qxe6 26. Bxe6 Nxd1 27. Bxc8 Nf2 28. Rf1 Bxc8 29. Rxf2 Rxh4 30. Rd2 Bf5 31. a4 c6 32. b3 Kf7 33. Nd1 Rh1 34. Kb2 Re1 35. Kc3 g5 36. Kd4 Bxc2 37. Rxc2 Rxd1+ 38. Kc5 Rb1 39. Rc3 g4 40. Kxc6 e5 41. fxg4 Ke6 42. Kb6 e4 43. Kxa5 Ke5 44. b4 Kd4 45. Rc8 e3 46. Re8 Kd3 47. b5 e2 48. b6 e1=Q+ 49. Rxe1 Rxe1 50. b7 Rb1 51. Ka6 Kc4 52. a5 Rb5 53. g5 Kb4 54. g6 Rxa5+ 55. Kb6 Rb5+ 56. Kc7 Rc5+ 57. Kd6 Rb5 58. g7 Rb6+ 59. Kc7 {[%emt 0:00:00] normal} 1-0

[Event "GER-ch Youth U18 2019"]
[Site "Willingen"]
[Date "2019.06.13"]
[Round "7.12"]
[White "Schnabel, Bennett"]
[Black "Lange, Jannis"]
[Result "0-1"]
[ECO "A00"]
[WhiteElo "2125"]
[BlackElo "2024"]
[Annotator "RC"]
[PlyCount "176"]
[EventDate "2019.06.07"]
[EventType "swiss"]
[EventRounds "9"]
[EventCountry "GER"]
[SourceTitle "playchess.com"]
[Source "ChessBase"]
[SourceQuality "1"]
[TimeControl "40/5400+30:1800+30"]

1. a3 c5 2. f4 Nc6 3. Nf3 Nf6 4. g3 g6 5. d3 d5 6. Bg2 Bg7 7. c3 O-O 8. O-O Re8 9. Ne5 Ng4 10. Nxg4 Bxg4 11. h3 Be6 12. e4 dxe4 13. dxe4 Qxd1 14. Rxd1 Rad8 15. Rxd8 Rxd8 16. Kf2 Na5 17. Nd2 f5 18. e5 g5 19. b4 Nc6 20. Ke3 Bh6 21. Bxc6 gxf4+ 22. gxf4 bxc6 23. bxc5 Rd5 24. Nf3 Rxc5 25. Bd2 Kf7 26. Rb1 Ra5 27. Bc1 c5 28. Ne1 Bd5 29. Rb8 Ra4 30. Nd3 Re4+ 31. Kf2 Bc4 32. Nxc5 Re2+ 33. Kf3 Re1 34. Be3 Bd5+ 35. Kf2 Rh1 36. Rd8 Bc6 37. e6+ Kg6 38. Nd3 Kh5 39. Bxa7 Rh2+ 40. Ke3 Rxh3+ 41. Kd4 Bg7+ 42. Ne5 Rf3 43. Bb8 Rxf4+ 44. Kc5 Ba4 45. c4 Re4 46. Kd5 Bb3 47. Rc8 Re2 48. Nc6 Rd2+ 49. Kc5 Rc2 50. Nxe7 Rxc4+ 51. Kd6 Rd4+ 52. Kc5 Bxe6 53. Re8 Re4 54. Nc6 Rc4+ 55. Kd6 Bf7 56. Re1 Bf8+ 57. Kd7 Bxa3 58. Rh1+ Rh4 59. Rf1 Kg5 60. Ne5 Rd4+ 61. Kc8 Be6+ 62. Kb7 Bd5+ 63. Kc8 Be6+ 64. Kb7 Rb4+ 65. Ka7 Kf6 66. Nc6 Ra4+ 67. Kb6 Bb2 68. Rh1 Kg7 69. Rh2 Bf6 70. Rg2+ Rg4 71. Re2 Bf7 72. Rf2 Kg6 73. Be5 Bd5 74. Rh2 Bxc6 75. Bxf6 Kxf6 76. Kxc6 Kg6 77. Kd5 h5 78. Ke5 h4 79. Rh3 Kg5 80. Rf3 Re4+ 81. Kd5 Kg4 82. Rf1 Re3 83. Kd4 f4 84. Rg1+ Rg3 85. Rh1 h3 86. Ke4 Re3+ 87. Kd4 Re2 88. Kd3 f3 {[%emt 0:00:17] normal} 0-1

[Event "GER-ch Youth U18 2019"]
[Site "Willingen"]
[Date "2019.06.13"]
[Round "7.13"]
[White "Wong, Gengchun"]
[Black "Knoedler, Marcel"]
[Result "1-0"]
[ECO "C90"]
[WhiteElo "2144"]
[BlackElo "1633"]
[Annotator "NA"]
[PlyCount "51"]
[EventDate "2019.06.07"]
[EventType "swiss"]
[EventRounds "9"]
[EventCountry "GER"]
[SourceTitle "playchess.com"]
[Source "ChessBase"]
[SourceQuality "1"]
[TimeControl "40/5400+30:1800+30"]

1. e4 e5 2. Nf3 Nc6 3. Bb5 a6 4. Ba4 Nf6 5. d3 d6 6. c3 Be7 7. O-O O-O 8. Re1 b5 9. Bb3 Be6 10. Bxe6 fxe6 11. a4 Qd7 12. Nbd2 Rfb8 13. Nf1 b4 14. Bd2 bxc3 15. Bxc3 Nb4 16. d4 exd4 17. Bxd4 c5 18. Bxf6 gxf6 19. Ra3 Nc6 20. Nh4 Ne5 21. f4 Ng6 22. Rg3 Kf7 23. Qh5 Rg8 24. f5 exf5 25. exf5 Qxa4 26. Qxh7+ {[%emt 0:03:14] normal} 1-0

[Event "GER-ch Youth U18 2019"]
[Site "Willingen"]
[Date "2019.06.13"]
[Round "7.14"]
[White "Rockmann, Jan-Okke"]
[Black "Sureshkumar, Atchuthan"]
[Result "1-0"]
[ECO "B77"]
[WhiteElo "1816"]
[BlackElo "1502"]
[Annotator "NA"]
[PlyCount "45"]
[EventDate "2019.06.07"]
[EventType "swiss"]
[EventRounds "9"]
[EventCountry "GER"]
[SourceTitle "playchess.com"]
[Source "ChessBase"]
[SourceQuality "1"]
[TimeControl "40/5400+30:1800+30"]

1. e4 c5 2. Nf3 d6 3. d4 cxd4 4. Nxd4 Nf6 5. Nc3 g6 6. Be3 Bg7 7. Bc4 O-O 8. f3 Nc6 9. Qd2 Qc7 10. Bb3 Na5 11. g4 Nxb3 12. axb3 Bd7 13. Bh6 a6 14. h4 e6 15. h5 d5 16. hxg6 fxg6 17. Bxg7 Kxg7 18. Qh6+ Kf7 19. O-O-O Rh8 20. Qg5 dxe4 21. fxe4 Kg7 22. e5 Ne8 23. Qe7+ {normal} 1-0

[Event "GER-ch Youth U18 2019"]
[Site "Willingen"]
[Date "2019.06.14"]
[Round "8.1"]
[White "Engel, Luis"]
[Black "Roseneck, Jonas"]
[Result "1-0"]
[ECO "B91"]
[WhiteElo "2512"]
[BlackElo "2403"]
[Annotator "ChessBase"]
[PlyCount "74"]
[EventDate "2019.06.07"]
[EventType "swiss"]
[EventRounds "9"]
[EventCountry "GER"]
[SourceTitle "playchess.com"]
[Source "ChessBase"]
[SourceQuality "1"]
[TimeControl "40/5400+30:1800+30"]

1. e4 c5 2. Nf3 d6 3. d4 cxd4 4. Nxd4 Nf6 5. Nc3 a6 6. g3 e5 7. Nde2 Be7 8. a4 O-O 9. Bg2 Nc6 10. O-O Nb4 11. b3 Be6 12. Ba3 a5 13. Nb5 d5 14. c3 Nc6 15. Bxe7 Nxe7 16. exd5 Bxd5 17. c4 Bxg2 18. Kxg2 Qb6 19. Nec3 Rad8 20. Qe2 Nc6 21. Rad1 Qc5 22. Qf3 h6 23. Nd5 Nxd5 24. Rxd5 Rxd5 25. Qxd5 Qb4 26. c5 Nd4 27. Nd6 Qxb3 28. Qxb3 Nxb3 29. Nxb7 Rb8 30. c6 Nd4 31. Nxa5 Ra8 32. Rc1 Ne6 33. Nb7 Kf8 34. c7 Rc8 35. Nc5 Ke7 36. Nxe6 Kxe6 37. Kf3 f5 {[%emt 0:00:30] normal} 1-0

[Event "GER-ch Youth U18 2019"]
[Site "Willingen"]
[Date "2019.06.14"]
[Round "8.2"]
[White "Buckels, Valentin"]
[Black "Parvanyan, Ashot"]
[Result "0-1"]
[ECO "A45"]
[WhiteElo "2443"]
[BlackElo "2421"]
[Annotator "NA"]
[PlyCount "107"]
[EventDate "2019.06.07"]
[EventType "swiss"]
[EventRounds "9"]
[EventCountry "GER"]
[SourceTitle "playchess.com"]
[Source "ChessBase"]
[SourceQuality "1"]
[TimeControl "40/5400+30:1800+30"]

1. d4 Nf6 2. Bg5 d5 3. e3 c5 4. Nf3 Qb6 5. Qc1 Nc6 6. c3 Bf5 7. Nbd2 cxd4 8. exd4 Rc8 9. a4 a6 10. Be2 e6 11. O-O Bd6 12. b3 h6 13. Be3 Ng4 14. c4 Qc7 15. h3 Nxe3 16. fxe3 Qe7 17. Qc3 Bb4 18. Qb2 O-O 19. Rf2 Bh7 20. Rd1 Bd6 21. Nf1 Nb4 22. Qd2 a5 23. Ne1 b6 24. Rc1 e5 25. dxe5 Qxe5 26. Nf3 Qe7 27. Nd4 Bc5 28. cxd5 Nxd5 29. Bc4 Nf6 30. Bd3 Ne4 31. Bxe4 Bxe4 32. Ng3 Bg6 33. Ngf5 Qe5 34. Rcf1 Rfe8 35. Kh1 Qe4 36. Rf4 Qd5 37. Qd1 Re5 38. Nh4 Bh5 39. Nhf3 Rxe3 40. Rf5 Bxf3 41. Rxd5 Bxd1 42. Rxd1 Rce8 43. Nc6 Re1+ 44. Kh2 Bg1+ 45. Kh1 Bf2+ 46. Kh2 R8e3 47. g4 Bg3+ 48. Kg2 R1e2+ 49. Kg1 Rb2 50. R5d3 Bh2+ 51. Kh1 Ree2 52. Nd4 Rf2 53. Nf3 Bf4 54. Re1 {[%emt 0:00:36] normal} 0-1

[Event "GER-ch Youth U18 2019"]
[Site "Willingen"]
[Date "2019.06.14"]
[Round "8.3"]
[White "Martin, Julian"]
[Black "Schmider, Niklas"]
[Result "1/2-1/2"]
[ECO "C47"]
[WhiteElo "2370"]
[BlackElo "2300"]
[Annotator "NA"]
[PlyCount "63"]
[EventDate "2019.06.07"]
[EventType "swiss"]
[EventRounds "9"]
[EventCountry "GER"]
[SourceTitle "playchess.com"]
[Source "ChessBase"]
[SourceQuality "1"]
[TimeControl "40/5400+30:1800+30"]

1. e4 e5 2. Nf3 Nc6 3. Nc3 Nf6 4. d4 exd4 5. Nxd4 Bb4 6. Nxc6 bxc6 7. Bd3 d5 8. exd5 cxd5 9. O-O O-O 10. Bg5 c6 11. h3 h6 12. Bh4 Be7 13. Qf3 Be6 14. Ne2 Nd7 15. Bxe7 Qxe7 16. Qg3 Rab8 17. b3 Nc5 18. Rae1 Qf6 19. Nf4 Rbe8 20. Nxe6 Rxe6 21. Qc7 Rxe1 22. Rxe1 Nxd3 23. cxd3 Qc3 24. Qe7 Qxd3 25. Qxa7 Qd2 26. Re7 d4 27. g3 Qc1+ 28. Kg2 c5 29. Rc7 Qc2 30. Qxc5 Qxa2 31. Qc4 Qa8+ 32. Qc6 {[%emt 0:04:36] normal} 1/2-1/2

[Event "GER-ch Youth U18 2019"]
[Site "Willingen"]
[Date "2019.06.14"]
[Round "8.4"]
[White "Muckle, Julius"]
[Black "Vuckovic, Zarko"]
[Result "0-1"]
[ECO "E43"]
[WhiteElo "2370"]
[BlackElo "2132"]
[Annotator "NA"]
[PlyCount "154"]
[EventDate "2019.06.07"]
[EventType "swiss"]
[EventRounds "9"]
[EventCountry "GER"]
[SourceTitle "playchess.com"]
[Source "ChessBase"]
[SourceQuality "1"]
[TimeControl "40/5400+30:1800+30"]

1. d4 Nf6 2. c4 e6 3. Nc3 Bb4 4. e3 b6 5. Bd3 Bb7 6. Nf3 Ne4 7. Qc2 f5 8. O-O Nxc3 9. bxc3 Bxf3 10. gxf3 Bd6 11. f4 Qh4 12. f3 Nc6 13. Qf2 Qxf2+ 14. Kxf2 Na5 15. e4 O-O 16. exf5 exf5 17. Be3 g6 18. c5 Be7 19. Rab1 Rfe8 20. Rfd1 Bf6 21. cxb6 axb6 22. Rb2 Re7 23. Bc1 d5 24. Rb5 Rd7 25. Kg3 Kf7 26. Re1 Nb7 27. Rb2 Re7 28. Rxe7+ Kxe7 29. Re2+ Kd7 30. h4 Nd6 31. Be3 Nc4 32. Bc1 Nd6 33. Be3 Re8 34. Bf2 Rxe2 35. Bxe2 Ne8 36. Bd3 Ng7 37. Be3 Nh5+ 38. Kh3 Be7 39. c4 Bd6 40. cxd5 Bxf4 41. Bg1 Kd6 42. Bc4 Nf6 43. Bf2 Nxd5 44. Kg2 c6 45. a4 Ke6 46. Kf1 Kf6 47. Ba6 Be3 48. Be1 Bxd4 49. Bb7 Ne7 50. Bb4 c5 51. Bd2 Ke6 52. Ke2 Bf6 53. Be1 f4 54. Kd3 Nf5 55. Bc8+ Kd5 56. Bb7+ Ke5 57. Bc3+ Ke6 58. Bc8+ Ke7 59. Bxf5 Bxc3 60. Be4 Be1 61. h5 gxh5 62. Bxh7 Kf6 63. Ke4 Bd2 64. Bg8 h4 65. Bc4 h3 66. Bf1 h2 67. Bg2 Kg5 68. Kd3 Kh4 69. Kxd2 Kg3 70. Bh1 Kf2 71. Kd1 Kg1 72. Ke1 Kxh1 73. Kf1 c4 74. Kf2 c3 75. a5 bxa5 76. Kf1 c2 77. Kf2 c1=Q {[%emt 0:00:19] normal} 0-1

[Event "GER-ch Youth U18 2019"]
[Site "Willingen"]
[Date "2019.06.14"]
[Round "8.5"]
[White "Riess, Alexander"]
[Black "Kuznecovs, Nikita"]
[Result "1/2-1/2"]
[ECO "D38"]
[WhiteElo "2305"]
[BlackElo "2317"]
[Annotator "NA"]
[PlyCount "61"]
[EventDate "2019.06.07"]
[EventType "swiss"]
[EventRounds "9"]
[EventCountry "GER"]
[SourceTitle "playchess.com"]
[Source "ChessBase"]
[SourceQuality "1"]
[TimeControl "40/5400+30:1800+30"]

1. d4 Nf6 2. c4 e6 3. Nf3 d5 4. Nc3 Bb4 5. Qa4+ Nc6 6. e3 O-O 7. Bd2 Bd7 8. Qc2 Re8 9. a3 Bd6 10. Rd1 a6 11. h3 dxc4 12. Bxc4 b5 13. Bd3 b4 14. Ne4 bxa3 15. bxa3 Ne7 16. Nxf6+ gxf6 17. Bxh7+ Kh8 18. Be4 Rg8 19. O-O f5 20. Bd3 Ng6 21. Bb4 Nh4 22. Nxh4 Qxh4 23. Bxd6 cxd6 24. Kh2 Rac8 25. Qe2 f4 26. exf4 e5 27. Qf3 exf4 28. Rc1 Rxg2+ 29. Kxg2 Rg8+ 30. Kh2 Bg4 31. Qd1 {normal} 1/2-1/2

[Event "GER-ch Youth U18 2019"]
[Site "Willingen"]
[Date "2019.06.14"]
[Round "8.7"]
[White "Muetsch, Annmarie"]
[Black "Faerber, David"]
[Result "1/2-1/2"]
[ECO "C06"]
[WhiteElo "2266"]
[BlackElo "2293"]
[Annotator "NA"]
[PlyCount "41"]
[EventDate "2019.06.07"]
[EventType "swiss"]
[EventRounds "9"]
[EventCountry "GER"]
[SourceTitle "playchess.com"]
[Source "ChessBase"]
[SourceQuality "1"]
[TimeControl "40/5400+30:1800+30"]

1. e4 e6 2. d4 d5 3. Nd2 Nf6 4. e5 Nfd7 5. Bd3 c5 6. c3 Nc6 7. Ne2 cxd4 8. cxd4 f6 9. exf6 Nxf6 10. Nf3 Bd6 11. O-O Qc7 12. Bg5 O-O 13. Bh4 Nh5 14. Qc2 h6 15. Bh7+ Kh8 16. Bg6 Rxf3 17. Bxh5 Rf5 18. Bg6 Bxh2+ 19. Kh1 Bd6 20. Bxf5 exf5 21. Rae1 {[%emt 0:05:26] normal} 1/2-1/2

[Event "GER-ch Youth U18 2019"]
[Site "Willingen"]
[Date "2019.06.14"]
[Round "8.8"]
[White "Browning, Alex"]
[Black "Ewert, Hannes"]
[Result "1-0"]
[ECO "C99"]
[WhiteElo "2319"]
[BlackElo "2268"]
[Annotator "NA"]
[PlyCount "53"]
[EventDate "2019.06.07"]
[EventType "swiss"]
[EventRounds "9"]
[EventCountry "GER"]
[SourceTitle "playchess.com"]
[Source "ChessBase"]
[SourceQuality "1"]
[TimeControl "40/5400+30:1800+30"]

1. e4 e5 2. Nf3 Nc6 3. Bb5 a6 4. Ba4 Nf6 5. O-O Be7 6. Re1 b5 7. Bb3 d6 8. c3 O-O 9. h3 Na5 10. Bc2 c5 11. d4 Qc7 12. Nbd2 cxd4 13. cxd4 Nc6 14. Nb3 a5 15. a4 bxa4 16. Rxa4 Nb4 17. Bb1 Bd7 18. Ra3 a4 19. Nbd2 exd4 20. Nxd4 Rfe8 21. Rc3 Qb7 22. Qf3 Bf8 23. Ree3 Nc6 24. e5 dxe5 25. Nxc6 e4 26. Nxe4 Nd5 27. Nf6+ {[%emt 0:01:32] normal} 1-0

[Event "GER-ch Youth U18 2019"]
[Site "Willingen"]
[Date "2019.06.14"]
[Round "8.9"]
[White "Maetzkow, Maximilian Paul"]
[Black "Rockmann, Jan-Okke"]
[Result "0-1"]
[ECO "C77"]
[WhiteElo "2338"]
[BlackElo "1816"]
[Annotator "NA"]
[PlyCount "64"]
[EventDate "2019.06.07"]
[EventType "swiss"]
[EventRounds "9"]
[EventCountry "GER"]
[SourceTitle "playchess.com"]
[Source "ChessBase"]
[SourceQuality "1"]
[TimeControl "40/5400+30:1800+30"]

1. e4 e5 2. Nf3 Nc6 3. Bb5 a6 4. Ba4 Nf6 5. d3 b5 6. Bb3 Bc5 7. O-O d6 8. c3 h6 9. Nbd2 O-O 10. Re1 Re8 11. Nf1 Bb6 12. Ng3 Ne7 13. d4 Ng6 14. h3 c5 15. d5 c4 16. Bc2 Nf4 17. Ne2 g5 18. Nxf4 gxf4 19. a4 Kh8 20. axb5 Rg8 21. Kf1 Bxh3 22. gxh3 Qd7 23. Ke2 Rg2 24. Rf1 Qxh3 25. Bxf4 exf4 26. Qd2 Be3 27. Qe1 Ng4 28. Rxa6 Rxa6 29. bxa6 Nxf2 30. Rxf2 Rxf2+ 31. Qxf2 Bxf2 32. Kxf2 Qg3+ {[%emt 0:00:03] normal} 0-1

[Event "GER-ch Youth U18 2019"]
[Site "Willingen"]
[Date "2019.06.14"]
[Round "8.10"]
[White "Engel, Robert"]
[Black "Goldbeck, Lars"]
[Result "0-1"]
[ECO "B91"]
[WhiteElo "2067"]
[BlackElo "2199"]
[Annotator "NA"]
[PlyCount "104"]
[EventDate "2019.06.07"]
[EventType "swiss"]
[EventRounds "9"]
[EventCountry "GER"]
[SourceTitle "playchess.com"]
[Source "ChessBase"]
[SourceQuality "1"]
[TimeControl "40/5400+30:1800+30"]

1. e4 c5 2. Nf3 d6 3. d4 cxd4 4. Nxd4 Nf6 5. Nc3 a6 6. g3 e5 7. Nde2 Be7 8. a4 Be6 9. Bg2 Nbd7 10. O-O O-O 11. h3 h5 12. Be3 Nb6 13. b3 d5 14. Bxb6 Qxb6 15. Nxd5 Nxd5 16. exd5 Bd7 17. a5 Qd6 18. Nc3 f5 19. Na4 h4 20. Nb6 hxg3 21. fxg3 Rad8 22. c4 e4 23. Qe1 Bf6 24. Rd1 Be5 25. g4 Qc5+ 26. Kh1 Bb8 27. d6 Bc6 28. b4 Qe5 29. c5 f4 30. Nc4 Qe6 31. Rd4 Qh6 32. Kh2 Rde8 33. Bxe4 Qf6 34. Qf2 Rxe4 35. Rxe4 Bxe4 36. Nd2 Bc6 37. Nf3 Qc3 38. Ng5 Qg3+ 39. Qxg3 fxg3+ 40. Kg1 Re8 41. Rd1 Bd7 42. Rd3 Bb5 43. Rd4 Bc6 44. Rd1 g6 45. h4 g2 46. Nh3 Rf8 47. Nf2 Re8 48. Nd3 Re3 49. Nf4 Kf7 50. g5 Re4 51. Nd5 Rxh4 52. Kxg2 Rxb4 {[%emt 0:00:49] normal} 0-1

[Event "GER-ch Youth U18 2019"]
[Site "Willingen"]
[Date "2019.06.14"]
[Round "8.11"]
[White "Lange, Jannis"]
[Black "Hinrichs, Niklas"]
[Result "1-0"]
[ECO "B51"]
[WhiteElo "2024"]
[BlackElo "2115"]
[Annotator "NA"]
[PlyCount "65"]
[EventDate "2019.06.07"]
[EventType "swiss"]
[EventRounds "9"]
[EventCountry "GER"]
[SourceTitle "playchess.com"]
[Source "ChessBase"]
[SourceQuality "1"]
[TimeControl "40/5400+30:1800+30"]

1. e4 c5 2. Nf3 d6 3. Bb5+ Nd7 4. O-O Ngf6 5. Re1 a6 6. Bd3 e6 7. c3 b5 8. Bc2 c4 9. b3 Bb7 10. bxc4 bxc4 11. Na3 Rc8 12. Rb1 Ba8 13. Qe2 d5 14. e5 Ne4 15. Nd4 Nec5 16. f4 g6 17. f5 Bg7 18. fxe6 fxe6 19. d3 cxd3 20. Bxd3 O-O 21. Bxa6 Nxa6 22. Qxa6 Nc5 23. Qe2 Qe7 24. Nab5 Qh4 25. Ba3 Ne4 26. Bxf8 Rxf8 27. Nf3 Qd8 28. Qe3 g5 29. Nbd4 g4 30. Nd2 Bxe5 31. Nxe4 dxe4 32. Nxe6 Qd6 33. Qg5+ {[%emt 0:01:56] normal} 1-0

[Event "GER-ch Youth U18 2019"]
[Site "Willingen"]
[Date "2019.06.14"]
[Round "8.12"]
[White "Schnabel, Bennett"]
[Black "Wong, Gengchun"]
[Result "1/2-1/2"]
[ECO "A00"]
[WhiteElo "2125"]
[BlackElo "2144"]
[Annotator "NA"]
[PlyCount "44"]
[EventDate "2019.06.07"]
[EventType "swiss"]
[EventRounds "9"]
[EventCountry "GER"]
[SourceTitle "playchess.com"]
[Source "ChessBase"]
[SourceQuality "1"]
[TimeControl "40/5400+30:1800+30"]

1. g3 Nf6 2. Bg2 d5 3. f4 c5 4. Nf3 Nc6 5. d3 g6 6. O-O Bg7 7. c3 Qd6 8. Qc2 O-O 9. e4 dxe4 10. dxe4 e5 11. Na3 exf4 12. gxf4 Qe7 13. Re1 Bg4 14. Nc4 Rad8 15. Nce5 Nxe5 16. Nxe5 Bc8 17. Be3 Ng4 18. Nxg4 Bxg4 19. h3 Be6 20. Rad1 b6 21. Bf2 Rxd1 22. Rxd1 Rd8 {[%emt 0:01:53] normal} 1/2-1/2

[Event "GER-ch Youth U18 2019"]
[Site "Willingen"]
[Date "2019.06.14"]
[Round "8.13"]
[White "Knoedler, Marcel"]
[Black "Runte, Moritz"]
[Result "0-1"]
[ECO "C50"]
[WhiteElo "1633"]
[BlackElo "2096"]
[Annotator "NA"]
[PlyCount "38"]
[EventDate "2019.06.07"]
[EventType "swiss"]
[EventRounds "9"]
[EventCountry "GER"]
[SourceTitle "playchess.com"]
[Source "ChessBase"]
[SourceQuality "1"]
[TimeControl "40/5400+30:1800+30"]

1. e4 e5 2. Nf3 Nc6 3. Bc4 Bc5 4. O-O Nf6 5. Nc3 d6 6. h3 Be6 7. Bxe6 fxe6 8. Na4 Nxe4 9. Qe1 Bxf2+ 10. Rxf2 Nxf2 11. Qxf2 O-O 12. Qe2 Qf6 13. d3 Nd4 14. Nxd4 exd4 15. b3 Rf7 16. Bd2 Raf8 17. Be1 Qf1+ 18. Qxf1 Rxf1+ 19. Kh2 R8f5 {normal} 0-1

[Event "GER-ch Youth U18 2019"]
[Site "Willingen"]
[Date "2019.06.14"]
[Round "8.14"]
[White "Sureshkumar, Atchuthan"]
[Black "Wendler, David"]
[Result "0-1"]
[ECO "B35"]
[WhiteElo "1502"]
[BlackElo "2166"]
[Annotator "NA"]
[PlyCount "42"]
[EventDate "2019.06.07"]
[EventType "swiss"]
[EventRounds "9"]
[EventCountry "GER"]
[SourceTitle "playchess.com"]
[Source "ChessBase"]
[SourceQuality "1"]
[TimeControl "40/5400+30:1800+30"]

1. e4 c5 2. Nf3 Nc6 3. d4 cxd4 4. Nxd4 g6 5. Be3 Nf6 6. Nc3 Bg7 7. Bc4 Qa5 8. f3 Qb4 9. Bb3 Nxe4 10. Nxc6 Bxc3+ 11. Ke2 dxc6 12. Qd3 Bxb2 13. Rab1 Nc3+ 14. Kf2 Nxb1 15. Rxb1 Qc3 16. Rxb2 Qxd3 17. cxd3 b6 18. Bd4 O-O 19. Re2 Re8 20. Bf6 Kf8 21. Bg5 Ba6 {normal} 0-1

[Event "GER-ch Youth U18 2019"]
[Site "Willingen"]
[Date "2019.06.15"]
[Round "9.5"]
[White "Kuznecovs, Nikita"]
[Black "Browning, Alex"]
[Result "0-1"]
[ECO "E97"]
[WhiteElo "2317"]
[BlackElo "2319"]
[Annotator "ChessBase"]
[PlyCount "110"]
[EventDate "2019.06.07"]
[EventType "swiss"]
[EventRounds "9"]
[EventCountry "GER"]
[SourceTitle "playchess.com"]
[Source "ChessBase"]
[SourceQuality "1"]
[TimeControl "40/5400+30:1800+30"]

1. d4 Nf6 2. c4 g6 3. Nc3 Bg7 4. e4 d6 5. Nf3 O-O 6. Be2 e5 7. O-O Nc6 8. d5 Ne7 9. b4 a5 10. Ba3 axb4 11. Bxb4 Nd7 12. a4 Nc5 13. Bxc5 dxc5 14. a5 Bd7 15. Qb3 Ra7 16. a6 b6 17. Nb5 Bxb5 18. cxb5 Nc8 19. Nd2 Nd6 20. f3 Qe8 21. Rab1 Ra8 22. Nc4 h5 23. g3 Qe7 24. Kh1 h4 25. Rg1 Bf6 26. Qc3 Kg7 27. gxh4 Rh8 28. Rg4 Rh5 29. Bd3 Rah8 30. Rb2 Bxh4 31. f4 Bf6 32. f5 Bg5 33. fxg6 f6 34. Nxd6 cxd6 35. Bf1 Qd7 36. Qf3 Bf4 37. h3 Bc1 38. Rc2 Bg5 39. Ra2 Bf4 40. Kg1 Qa7 41. Kh1 R8h6 42. Rf2 Rh8 43. Kg1 R5h6 44. h4 Rxh4 45. Rxh4 Rxh4 46. Bh3 c4 47. Qa3 f5 48. Bxf5 Qe7 49. Rg2 Rh8 50. Rg4 Bd2 51. a7 Ra8 52. Qh3 Bh6 53. Bc8 Rxc8 54. Rf4 Qg5+ 55. Kh1 Qxf4 {[%emt 0:00:05] normal} 0-1

[Event "GER-ch Youth U18 2019"]
[Site "Willingen"]
[Date "2019.06.15"]
[Round "9.6"]
[White "Goldbeck, Lars"]
[Black "Riess, Alexander"]
[Result "1/2-1/2"]
[ECO "D71"]
[WhiteElo "2199"]
[BlackElo "2305"]
[Annotator "ChessBase"]
[PlyCount "57"]
[EventDate "2019.06.07"]
[EventType "swiss"]
[EventRounds "9"]
[EventCountry "GER"]
[SourceTitle "playchess.com"]
[Source "ChessBase"]
[SourceQuality "1"]
[TimeControl "40/5400+30:1800+30"]

1. d4 Nf6 2. c4 g6 3. g3 Bg7 4. Bg2 d5 5. cxd5 Nxd5 6. Nf3 Nb6 7. Nc3 Nc6 8. e3 O-O 9. O-O Re8 10. Nh4 e5 11. d5 Nb4 12. Qb3 Nd3 13. Rd1 Nxc1 14. Raxc1 Bg4 15. Bf3 Bd7 16. e4 Bh6 17. Rc2 Bf8 18. Be2 a5 19. Nb5 Bd6 20. Rdc1 Bxb5 21. Bxb5 Rf8 22. Bf1 Qe7 23. Bh3 Kh8 24. Ng2 a4 25. Qc3 Kg8 26. Ne1 Qg5 27. Nd3 Qh5 28. Bf1 Nd7 29. Qd2 {[%emt 0:05:31] normal} 1/2-1/2

[Event "GER-ch Youth U18 2019"]
[Site "Willingen"]
[Date "2019.06.15"]
[Round "9.8"]
[White "Faerber, David"]
[Black "Lange, Jannis"]
[Result "1-0"]
[ECO "B33"]
[WhiteElo "2293"]
[BlackElo "2024"]
[Annotator "ChessBase"]
[PlyCount "79"]
[EventDate "2019.06.07"]
[EventType "swiss"]
[EventRounds "9"]
[EventCountry "GER"]
[SourceTitle "playchess.com"]
[Source "ChessBase"]
[SourceQuality "1"]
[TimeControl "40/5400+30:1800+30"]

1. e4 c5 2. Nf3 Nc6 3. d4 cxd4 4. Nxd4 Nf6 5. Nc3 e5 6. Ndb5 d6 7. Bg5 a6 8. Na3 b5 9. Nd5 Be7 10. Bxf6 Bxf6 11. c3 Bg5 12. Nc2 Rb8 13. g3 O-O 14. h4 Bh6 15. Bh3 Be6 16. Bxe6 fxe6 17. O-O Kh8 18. Nde3 Bxe3 19. Nxe3 Qc7 20. Qb3 Qf7 21. Rad1 Rbd8 22. a4 b4 23. Qc4 Ne7 24. Qxa6 d5 25. exd5 exd5 26. cxb4 d4 27. Ng4 e4 28. Rde1 h5 29. Nh2 d3 30. Qa7 Qe6 31. Qe3 Nf5 32. Qxe4 Qg6 33. Nf3 Rfe8 34. Qf4 Rf8 35. Ne5 Qh7 36. Qg5 Rd6 37. Nf7+ Rxf7 38. Re8+ Qg8 39. Qxh5+ Rh6 40. Qxf7 {[%emt 0:00:12] normal} 1-0

[Event "GER-ch Youth U18 2019"]
[Site "Willingen"]
[Date "2019.06.15"]
[Round "9.9"]
[White "Rockmann, Jan-Okke"]
[Black "Muetsch, Annmarie"]
[Result "0-1"]
[ECO "E73"]
[WhiteElo "1816"]
[BlackElo "2266"]
[Annotator "ChessBase"]
[PlyCount "54"]
[EventDate "2019.06.07"]
[EventType "swiss"]
[EventRounds "9"]
[EventCountry "GER"]
[SourceTitle "playchess.com"]
[Source "ChessBase"]
[SourceQuality "1"]
[TimeControl "40/5400+30:1800+30"]

1. c4 Nf6 2. Nc3 g6 3. d4 Bg7 4. e4 d6 5. Be2 O-O 6. Be3 Na6 7. g4 e5 8. d5 Nc5 9. Bf3 a5 10. h4 Ne8 11. h5 Bd7 12. Nh3 c6 13. hxg6 fxg6 14. Qe2 a4 15. Rd1 Qa5 16. dxc6 bxc6 17. Kf1 a3 18. Kg2 Rb8 19. Nb5 cxb5 20. Bxc5 Qc7 21. Bxd6 Nxd6 22. Qd2 Nxc4 23. Qd5+ Rf7 24. Ng5 Bc6 25. Qe6 Re8 26. Rd8 Rxd8 27. Rxh7 Rd6 {[%emt 0:01:13] normal} 0-1